 Dungeon Crawl Stone Soup version 0.25-a0-290-g4a1327ee3a (webtiles) character file.

Game seed: 4260237800843611297, levelgen mode: classic

33546 Borgoz the Cleaver (level 13, 0/116 HPs)
             Began as a Minotaur Gladiator on Dec 14, 2019.
             Was a High Priest of Okawaru.
             Killed by divine providence
             ... invoked by a deep elf high priest
              (13 damage)
             ... on level 13 of the Dungeon.
             The game lasted 00:31:14 (13450 turns).

Borgoz the Cleaver (Minotaur Gladiator)            Turns: 13450, Time: 00:31:14

Health: 0/116      AC: 17    Str: 20    XL:     13   Next: 37%
Magic:  15/17      EV: 22    Int:  8    God:    Okawaru [*****.]
Gold:   171        SH:  0    Dex: 20    Spells: 16/19 levels left

rFire    . . .     SeeInvis +   a - +6 battleaxe
rCold    . . .     Gourm    .   (shield currently unavailable)
rNeg     + . .     Faith    .   T - +0 scale mail {rN+}
rPois    +         Spirit   .   m - +1 hat
rElec    .         Reflect  .   u - +1 cloak {MR+}
rCorr    .         Harm     .   j - +0 pair of gloves
MR       +....                  U - +0 pair of boots "Lobuips" {rPois Int+3} (curse)
Stlth    +++.......             (no amulet)
HPRegen  0.29/turn              l - ring of see invisible
MPRegen  0.15/turn              R - +4 ring of dexterity

@: heroism
A: retaliatory headbutt, horns 2
a: Heroism, Finesse, Renounce Religion


You were on level 13 of the Dungeon.
You worshipped Okawaru.
Okawaru was extremely pleased with you.
You were near starving.

You visited 2 branches of the dungeon, and saw 14 of its levels.

You collected 678 gold pieces.
You spent 507 gold pieces at shops.

Inventory:

Hand Weapons
 a - a +6 battleaxe (weapon)
 b - a +1 battleaxe of flaming
Missiles
 d - 5 throwing nets (quivered)
Armour
 j - a +0 pair of gloves (worn)
 m - a +1 hat (worn)
 u - a +1 cloak of magic resistance (worn)
 G - a +0 leather armour of fire resistance
 T - a +0 scale mail of positive energy (worn)
 U - the cursed +0 pair of boots "Lobuips" (worn) {rPois Int+3}
   (You bought it in a shop on level 11 of the Dungeon)

   It affects your intelligence (+3).
   It protects you from poison.
   It has a curse placed upon it.
Jewellery
 c - an uncursed ring of positive energy
 l - a ring of see invisible (left hand)
 v - an uncursed ring of flight
 F - an uncursed ring of magical power
 I - an uncursed ring of resist corrosion
 J - an uncursed ring of fire
 O - an uncursed ring of poison resistance
 R - a +4 ring of dexterity (right hand)
Wands
 A - a wand of flame (41)
 D - a wand of random effects (14)
 P - a wand of digging (9)
Scrolls
 e - 9 scrolls of remove curse
 g - 6 scrolls of teleportation
 n - a scroll of enchant weapon {unknown}
 p - 3 scrolls of noise {unknown}
 q - 2 scrolls of identify
 s - 3 scrolls of blinking {unknown}
 t - 4 scrolls of fear {unknown}
 x - 6 scrolls of magic mapping
 y - 2 scrolls of fog {unknown}
 B - 3 scrolls of amnesia {unknown}
 E - a scroll of enchant armour {unknown}
 S - 2 scrolls of random uselessness {unknown}
Potions
 h - 2 potions of agility
 i - a potion of heal wounds
 k - 7 potions of curing
 o - 3 potions of flight
 r - 2 potions of cancellation
 w - 4 potions of might
 z - 4 potions of lignification
 H - 2 potions of mutation
 K - 2 potions of magic
 M - a potion of haste
 Q - a potion of ambrosia {unknown}
Comestibles
 f - 36 rations


   Skills:
 + Level 11.4(16.4) Fighting
 + Level 11.6(16.6) Axes
 - Level 2.0(7.0) Throwing
 + Level 11.0(16.0) Armour
 + Level 10.6(15.6) Dodging
 - Level 5.0(10.0) Stealth
 + Level 3.9 Spellcasting
 + Level 3.8 Hexes
 - Level 5.0 Invocations
 - Level 5.0 Evocations


You had 16 spell levels left.
You knew the following spells:

 Your Spells              Type           Power        Failure   Level  Hunger
a - Confuse               Hex            #.......     36%         3    ###....

Your spell library contained the following spells:

 Spells                   Type           Power        Failure   Level  Hunger
 Corona                   Hex            #......      13%         1    #......
 Tukima's Dance           Hex            #.......     36%         3    ###....
 Ensorcelled Hibernation  Hex/Ice        #.....       38%         2    ###....
 Sandblast                Erth           #.....       52%         1    #......
 Dazzling Flash           Conj/Hex       #.....       63%         3    ###....
 Passwall                 Tmut/Erth      #.......     67%         2    ###....
 Stone Arrow              Conj/Erth      #.....       88%         3    ###....
 Petrify                  Tmut/Erth      #.......     99%         4    #####..
 Lee's Rapid Deconstruct  Erth           #.........   100%        5    ######.


Dungeon Overview and Level Annotations

Branches:
Dungeon (13/15)            Temple (1/1) D:5            Lair (0/6) D:9
    Orc (0/2) D:11
 Vaults: D:13-14

Altars:
Ashenzari
Cheibriados
Dithmenos
Elyvilon
Fedhas
Gozag
Hepliaklqana
Kikubaaqudgha
Makhleb
Nemelex Xobeh
Okawaru
Qazlal
Ru
Sif Muna
Trog
Uskayaw
Vehumet
Wu Jian
Xom
Yredelemnul
Zin
The Shining One

Shops:
D:5 ?   D:8 ==[}   D:11 ?:*


Innate Abilities, Weirdness & Mutations

You reflexively headbutt those who attack you in melee.
You have a pair of horns on your head.


Message History

The sphinx casts a spell.
You resist with significant effort.
You slash the deep elf high priest!
Your headbutt misses the deep elf high priest.
The deep elf high priest is moderately wounded.
You slash the deep elf knight!
The deep elf knight hits you with a +0 short sword!
* * * LOW HITPOINT WARNING * * *
You hit the deep elf high priest but do no damage.
You headbutt the deep elf high priest!
The deep elf high priest is heavily wounded.
You closely miss the deep elf knight.
Your scale mail prevents you from hitting the sphinx.
The deep elf knight seems less brilliant.
The sphinx seems less brilliant.
The deep elf knight closely misses you.
The deep elf knight is empowered by the deep elf high priest's aura!
The sphinx is empowered by the deep elf high priest's aura!
The deep elf high priest invokes the aid of its god against you.
Something smites you!
You die...

.?♣.....((.....[♣).....#.##......
..[.....≈#≈.....[.....≈# #......
♣...♣.)≈≈#≈≈..♣...♣..≈≈# #......
......≈≈≈#≈≈≈.......≈≈≈# #......
...).≈≈≈≈#≈≈≈≈.....≈≈≈≈# #......
≈...≈≈≈≈≈#≈≈≈≈≈...≈≈≈≈≈# ##+####
≈≈.≈≈≈≈≈≈#≈≈≈≈≈≈.≈≈≈≈≈≈#
##'#############'#######
≈≈.≈≈≈≈≈≈#≈≈≈≈≈≈@≈≈≈≈≈≈#
≈...≈≈≈≈≈#≈≈≈≈≈eeH≈≈≈≈≈#
.....≈≈≈≈#≈≈≈≈.o.o.≈≈≈≈#
......≈≈≈#≈≈≈...o...≈≈≈#
♣...♣..≈≈#≈≈..♣...♣).≈≈#
........≈#≈.....|.....≈#
.[♣(.....#.....|♣".....#
........≈#≈..... .....≈#
♣.).♣..≈≈#


You could see a sphinx, a deep elf knight, a deep elf high priest, an orc
warrior and 2 orcs.

Vanquished Creatures
  A hydra (D:13)
  A rakshasa (D:13)
  A centaur warrior (D:13)
  Erica (D:9)
  2 two-headed ogres
  A death yak (D:9)
  A skeletal warrior (D:13)
  Pikel (D:6)
  A wolf spider (D:13)
  A deep elf mage (D:12)
  The ghost of bmj180 the Covered, a novice GnWn (D:6)
  2 ugly things
  A manticore (D:11)
  A cyclops (D:13)
  2 kobold demonologists (D:10)
  A merfolk (D:10)
  A troll (D:10)
  A hornet (D:10)
  Grinder (D:6)
  2 hippogriffs
  A wyvern (D:13)
  4 water elementals (D:13)
  29 yaks
  A wraith (D:13)
  A hungry ghost (D:12)
  A steam dragon (D:9)
  5 orc warriors
  2 slaves
  A sky beast (D:12)
  3 ice beasts
  A black bear (D:10)
  4 ogres
  17 centaurs
  2 crocodiles (D:11)
  3 big kobolds
  6 bullfrogs
  A gnoll sergeant (D:11)
  A water moccasin skeleton (D:8)
  3 scorpions
  8 killer bees
  6 howler monkeys
  3 wights (D:8)
  4 electric eels
  2 centaur zombies
  4 crimson imps
  3 bullfrog zombies
  A quasit (D:10)
  3 centaur skeletons
  7 hounds
  4 jellies
  5 orc priests
  Jessica (D:3)
  6 worker ants
  4 iguanas
  15 orc wizards
  A killer bee zombie (D:6)
  3 hound zombies
  A howler monkey zombie (D:6)
  2 worker ant zombies
  7 gnolls
  15 adders
  3 shadow imps
  An adder zombie (D:4)
  3 adder skeletons
  2 dart slugs
  9 leopard geckos
  50 orcs
  7 giant cockroaches
  3 goblins
  7 hobgoblins
  17 jackals
  5 quokkas
  10 bats
  6 frilled lizards
  A giant cockroach zombie (D:4)
  2 jackal zombies
  17 kobolds
  A leopard gecko skeleton (D:6)
  2 quokka skeletons
  3 quokka zombies
  5 rats
369 creatures vanquished.

Vanquished Creatures (others)
  A worker ant (D:6)
  An adder (D:6)
2 creatures vanquished.

Grand Total: 371 creatures vanquished

Notes
Turn   | Place    | Note
-------+----------+-------------------------------------------
     0 | D:1      | Borgoz the Minotaur Gladiator began the quest for the Orb.
     0 | D:1      | Reached XP level 1. HP: 18/18 MP: 0/0
   384 | D:1      | Reached XP level 2. HP: 22/25 MP: 1/1
   431 | D:1      | Reached skill level 1 in Armour
   720 | D:2      | Reached XP level 3. HP: 30/31 MP: 2/2
   772 | D:2      | You fall into a shaft and drop 2 floors!
   783 | D:4      | Reached XP level 4. HP: 21/38 MP: 3/3
  1028 | D:4      | Reached XP level 5. HP: 32/46 MP: 4/4
  1893 | D:2      | Found an iron altar of Okawaru.
  1946 | D:2      | Became a worshipper of Warmaster Okawaru
  1980 | D:2      | Reached skill level 5 in Axes
  2194 | D:3      | Noticed Jessica
  2200 | D:3      | Killed Jessica
  2281 | D:3      | Reached XP level 6. HP: 51/53 MP: 5/5
  3376 | D:4      | Found a glowing golden altar of the Shining One.
  3467 | D:5      | Entered Level 5 of the Dungeon
  3468 | D:5      | Found Maunyl's Magic Scroll Boutique.
  3474 | D:5      | Bought a scroll of magic mapping for 38 gold pieces
  3474 | D:5      | Bought a scroll of identify for 22 gold pieces
  3534 | D:5      | Reached skill level 5 in Dodging
  3541 | D:5      | Reached skill level 5 in Fighting
  3738 | D:5      | Found a staircase to the Ecumenical Temple.
  3762 | Temple   | Entered the Ecumenical Temple
  3775 | D:5      | Reached * piety under Okawaru
  3775 | D:5      | Reached XP level 7. HP: 58/61 MP: 6/6
  3954 | D:6      | Found a runed translucent door.
  3954 | D:6      | Noticed bmj180's ghost (novice GnWn)
  4141 | D:6      | Noticed Pikel
  4143 | D:6      | Noticed Grinder
  4271 | D:6      | Reached skill level 5 in Armour
  4293 | D:6      | Reached ** piety under Okawaru
  4302 | D:6      | Reached XP level 8. HP: 23/70 MP: 7/7
  5303 | D:6      | Killed Pikel
  5459 | D:6      | Killed Grinder
  5459 | D:6      | Reached *** piety under Okawaru
  5933 | D:7      | Reached XP level 9. HP: 72/79 MP: 8/8
  6145 | D:7      | Found a radiant altar of Vehumet.
  6145 | D:7      | Found an opulent altar of Gozag.
  6522 | D:8      | Learned a level 3 spell: Confuse
  6622 | D:8      | Found Uno Ubosk's Jewellery Shop.
  6681 | D:8      | Found Lughekh's Jewellery Shoppe.
  6829 | D:8      | Reached skill level 1 in Stealth
  6829 | D:8      | Reached skill level 1 in Invocations
  6830 | D:8      | Reached skill level 1 in Evocations
  6832 | D:8      | Reached **** piety under Okawaru
  6957 | D:8      | Found Goroniso's Gadget Shop.
  7010 | D:8      | Found Geucyipt's Antique Armour Emporium.
  7291 | D:9      | Reached skill level 1 in Spellcasting
  7292 | D:9      | Reached skill level 1 in Hexes
  7300 | D:9      | Reached XP level 10. HP: 32/90 MP: 10/10
  7584 | D:9      | Found a staircase to the Lair.
  8244 | D:9      | Noticed Erica
  8256 | D:9      | Killed Erica
  8258 | D:9      | Reached ***** piety under Okawaru
  8338 | D:9      | Received a gift from Okawaru
  8343 | D:9      | Got a brightly glowing rapier {god gift}
  8344 | D:9      | Identified the +3 rapier of Mimpuc {freeze, -Tele rPois
                  | Str+2 Dex+9} (Okawaru gifted it to you on level 9 of the
                  | Dungeon)
  8354 | D:9      | Noticed a death yak
  8361 | D:9      | Killed a death yak
  8738 | D:10     | Entered Level 10 of the Dungeon
  8883 | D:10     | Noticed a two-headed ogre
  8889 | D:10     | Killed a two-headed ogre
  8889 | D:10     | Reached XP level 11. HP: 85/97 MP: 13/13
  9371 | D:10     | Received a gift from Okawaru
  9814 | D:11     | Found a staircase to the Orcish Mines.
  9856 | D:11     | Found Foaq's Book Shop.
 10120 | D:11     | Noticed a two-headed ogre
 10128 | D:11     | Killed a two-headed ogre
 10128 | D:11     | Reached skill level 10 in Axes
 10437 | D:12     | Noticed a deep elf mage
 10451 | D:12     | Killed a deep elf mage
 10503 | D:12     | Found a shattered altar of Ashenzari.
 10653 | D:12     | Noticed a purple ugly thing
 10660 | D:12     | Killed a purple ugly thing
 10882 | D:11     | Found Weujemaj's General Store.
 10892 | D:11     | Received a gift from Okawaru
 10895 | D:11     | Reached skill level 10 in Fighting
 11125 | D:11     | Bought the cursed +0 pair of boots "Lobuips" {rPois Int+3}
                  | for 323 gold pieces
 11164 | D:11     | Bought a scroll of identify for 34 gold pieces
 11164 | D:11     | Bought a scroll of identify for 34 gold pieces
 11205 | D:11     | Found Nuffecom's Magic Scroll Emporium.
 11216 | D:11     | Bought a scroll of identify for 28 gold pieces
 11216 | D:11     | Bought a scroll of identify for 28 gold pieces
 11218 | D:11     | Reached skill level 10 in Armour
 11218 | D:11     | Reached skill level 10 in Dodging
 11218 | D:11     | Reached XP level 12. HP: 110/110 MP: 15/15
 11254 | D:11     | Reached XP level 13. HP: 73/116 MP: 17/17
 11441 | D:11     | Reached skill level 5 in Invocations
 11648 | D:6      | Killed bmj180's ghost
 12303 | D:13     | Got a smoking helmet
 13284 | D:13     | Reached skill level 5 in Stealth
 13292 | D:13     | Reached skill level 5 in Evocations
 13442 | D:13     | Noticed a sphinx
 13450 | D:13     | Killed from afar by a deep elf high priest

Levels and vault maps discovered:
D:1:      dpeg_arrival_boxorama, layout_loops_ring
D:2:      layout_rooms, okawaru_ov_weapons_minmay, minmay_stone_trees_small
D:3:      layout_basic, uniq_jessica
D:4:      layout_gridville, lemuel_doored_altar, serial_undead, serial_undead_e,
          serial_undead_d, serial_undead_a, serial_undead_a,
          kennysheep_generic_room_4
D:5:      layout_rooms, minmay_temple_entry_arrows, serial_shops,
          nicolae_shop_crystal, first_ration, bh_chokoban
D:6:      layout_basic, gammafunk_ghost_grave, st_stairs_12, uniq_grinder,
          uniq_pikel
D:7:      layout_rooms, grunt_temple_overflow_open
D:8:      layout_loops_ring, serial_shops, shop, kennysheep_mini_moat,
          nicolae_shop_temple_entry_statues_fountains, shop
D:9:      argonaut_augean_stables, layout_irregular_city, lair_entry_dummy,
          uniq_erica
D:10:     layout_loops_ring, hangedman_fish_farm
D:11:     layout_basic, orc_0_dummy, serial_shops, shop_coins,
          nicolae_shop_temple_entry_statues_fountains, shop_fountains
D:12:     layout_basic, chequers_jeans, evilmike_ruin_ashenzari
D:13:     kennysheep_four_of_diamonds, layout_basic
Temple:   nicolae_temple_no_exploring_needed

Skill      XL: |  1  2  3  4  5  6  7  8  9 10 11 12 13 |
---------------+----------------------------------------+-----
Armour         | 1 2 3 4 5 6 7 8 10 11 | 11.0
Axes           | 4 5 6 7 8 9 11 | 11.6
Fighting       | 3 4 5 6 7 8 9 11 | 11.4
Dodging        | 4 5 6 7 8 10 | 10.6
Stealth        | 1 3 4 5 |  5.0
Invocations    | 1 3 4 5 |  5.0
Evocations     | 1 3 4 5 |  5.0
Spellcasting   | 1 2 3 |  3.9
Hexes          | 1 2 3 |  3.8
Throwing       | |  2.0

Action                   |  1- 3 |  4- 6 |  7- 9 | 10-12 | 13-15 || total
-------------------------+-------+-------+-------+-------+-------++-------
Melee: War axe           |    40 |   174 |   220 |       |       ||   434
       Headbutt          |     7 |    25 |    50 |    64 |    27 ||   173
       Battleaxe         |       |       |    30 |   280 |    80 ||   390
Invok: Heroism           |       |       |     4 |    11 |     3 ||    18
       Finesse           |       |       |       |     2 |     1 ||     3
  Use: Scroll            |       |     4 |     3 |     8 |       ||    15
       Potion            |       |       |       |     1 |     3 ||     4
 Stab: Sleeping          |       |     1 |       |       |     1 ||     2
  Eat: Chunk             |       |     9 |     8 |    14 |     5 ||    36
       Ration            |       |       |     1 |       |       ||     1
Armor: Leather armour    |    11 |    73 |       |       |       ||    84
       Plate armour      |       |    24 |   183 |   199 |       ||   406
       Scale mail        |       |       |       |     2 |    41 ||    43
Dodge: Dodged            |    38 |   158 |   143 |   230 |    99 ||   668

Table legend:
 A = Non-vault XP
 B = Vault XP
 C = Vault XP percentage of total XP
 D = Non-vault monster count
 E = Vault monster count
 F = Vault count percentage of total count
                 A         B        C        D         E       F
            +---------+---------+-------+---------+---------+-------
      Total |   21692 |   10249 |  32.1 |     328 |      39 |  10.6
            +---------+---------+-------+---------+---------+-------
        D:1 |      29 |       0 |   0.0 |      15 |       0 |   0.0
        D:2 |      65 |       0 |   0.0 |      23 |       0 |   0.0
        D:3 |     111 |      37 |  25.0 |      37 |       1 |   2.6
        D:4 |     151 |     151 |  50.0 |      10 |       9 |  47.4
        D:5 |     219 |       0 |   0.0 |      14 |       0 |   0.0
        D:6 |     961 |    1501 |  61.0 |      23 |       3 |  11.5
        D:7 |     956 |       0 |   0.0 |      31 |       0 |   0.0
        D:8 |     743 |       0 |   0.0 |      20 |       0 |   0.0
        D:9 |    2026 |    3637 |  64.2 |      21 |      13 |  38.2
       D:10 |    4371 |     321 |   6.8 |      48 |       1 |   2.0
       D:11 |    6072 |       0 |   0.0 |      50 |       0 |   0.0
       D:12 |    2347 |       0 |   0.0 |      15 |       0 |   0.0
       D:13 |    3641 |    4602 |  55.8 |      21 |      12 |  36.4
            +---------+---------+-------+---------+---------+-------
